 Dungeon Crawl Stone Soup version 0.28.0-53-g5a82cb258f (webtiles) character file.

Game seed: 11078362669350159133

14 Zeld the Skirmisher (level 2, 0/27 HPs)
             Began as a Minotaur Berserker on May 23, 2022.
             Was a Follower of Trog.
             Slain by a giant cockroach (2 damage)
             ... on level 1 of the Dungeon.
             The game lasted 00:00:29 (176 turns).

Zeld the Skirmisher (Minotaur Berserker)             Turns: 176, Time: 00:00:29

Health: 0/27       AC:  2    Str: 21    XL:     2   Next: 27%
Magic:  1/1        EV: 12    Int:  4    God:    Trog [*.....]
Gold:   19         SH:  0    Dex:  9    Spells: 1/1 levels left

rFire   . . .      SeeInvis .   a - +0 hand axe
rCold   . . .      Faith    .   (no shield)
rNeg    . . .      Spirit   .   b - +0 animal skin
rPois   .          Reflect  .   (helmet restricted)
rElec   .          Harm     .   (no cloak)
rCorr   .          Rampage  .   (no gloves)
Will    .....                   (no boots)
Stlth   +.........              (no amulet)
HPRegen 0.09/turn               (no ring)
MPRegen 0.07/turn               (no ring)

@: no status effects
A: horns 2, retaliatory headbutt
a: Renounce Religion, Berserk


You were on level 1 of the Dungeon.
You worshipped Trog.
Trog was aware of your devotion.
You visited 1 branch of the dungeon, and saw 1 of its levels.

You collected 19 gold pieces.

Inventory:

Hand Weapons
 a - a +0 hand axe (weapon)
Armour
 b - a +0 animal skin (worn)
Scrolls
 c - a scroll of enchant armour {unknown}
 d - a scroll of teleportation {unknown}


   Skills:
 * Level 4.0 Fighting
 * Level 3.9 Axes
 + Level 2.7 Armour
 + Level 2.3 Dodging


You had one spell level left.
You didn't know any spells.
Your spell library was empty.

Dungeon Overview and Level Annotations

Branches:
Dungeon (1/15)

Altars:


Innate Abilities, Weirdness & Mutations

You have a pair of horns on your head.
You reflexively headbutt those who attack you in melee.


Message History

Found 11 sling bullets.
The endoplasm quivers.
The bat hits you but does no damage. The bat completely misses you.
You see here a +0 club.
The bat hits you but does no damage.
You barely miss the bat. You hit the endoplasm. The bat hits you.
* * * LOW HITPOINT WARNING * * *
The bat hits you but does no damage. The endoplasm misses you.
You hit the endoplasm.
The endoplasm is moderately wounded.
You barely miss the bat. The bat hits you.
* * * LOW HITPOINT WARNING * * *
The bat hits you but does no damage. The endoplasm hits you.
* * * LOW HITPOINT WARNING * * *
The bat barely misses you. You furiously retaliate!
You headbutt the bat.
You see here a +0 club.
The bat hits you but does no damage. The bat completely misses you.
You furiously retaliate!
You headbutt the bat.
Items here: $ )) ? ††.
Search for what [Enter for "mor", or ? for help]? armor The bat closely misses you.
You furiously retaliate!
You headbutt the bat, but do no damage. The bat hits you.
* * * LOW HITPOINT WARNING * * *
The bat misses you. The bat closely misses you.
The bat hits you but does no damage. The bat barely misses you.
The bat hits you but does no damage. The bat hits you.
* * * LOW HITPOINT WARNING * * *
The bat closely misses you. You furiously retaliate!
You headbutt the bat!
You kill the bat!
Trog accepts your kill.
Really walk into that dispersal trap?
You enter a dispersal trap!
The giant cockroach blinks!
The endoplasm blinks!
You blink.
A hobgoblin comes into view.
Found 21 bolts.
The giant cockroach bites you.
You die...

#..≈...≈...##
#...≈≈≈.....#
##.........##.#
...........≈#.#
≈........####.#
≈#.......≈≈≈#.#
###.....####..#######
......[.............#
##########.†....@...#
#>......B..+
#..≈≈≈.....###
##.≈_≈........
#.≈≈≈.J......g
#............(.. ....
#...^........... ....
#............... ....
#...............


You could see an endoplasm, a giant cockroach and a hobgoblin.

Vanquished Creatures
  A bat (D:1)
  An endoplasm (D:1)
  A goblin (D:1)
  3 hobgoblins (D:1)
  A jackal (D:1)
  A quokka (D:1)
  A frilled lizard (D:1)
  2 kobolds (D:1)
  A rat (D:1)
12 creatures vanquished.

Notes
Turn   | Place    | Note
-------+----------+-------------------------------------------
     0 | D:1      | Zeld the Minotaur Berserker began the quest for the Orb.
     0 | D:1      | Reached XP level 1. HP: 19/19 MP: 0/0
    14 | D:1      | Found a faded altar of an unknown god.
   143 | D:1      | Reached XP level 2. HP: 23/27 MP: 1/1
   158 | D:1      | Reached skill level 4 in Fighting
   170 | D:1      | HP: 1/27 [bat (1)]
   176 | D:1      | Slain by a giant cockroach

Illustrated notes

Levels and vault maps discovered:
D:1:      enne_arrival_octagon_isle, layout_basic, serial_shops,
          nicolae_shop_window_shopping,
          hellmonk_ecumenical_altar_pennies_from_heaven, minmay_tall_x

Skill      XL: |  1  2 |
---------------+-------+-----
Fighting       | 4 |  4.0
Axes           | |  3.9
Armour         | |  2.7
Dodging        | |  2.3

Action                   || total
-------------------------++-------
Melee: Hand axe          ||    27
       Headbutt          ||     2
Armor: Animal skin       ||     9
Dodge: Dodged            ||    26
